AoeStats
← 2609108162

Hideout

510065298Analyzed
1v1 RM · 3d ago on Sep 29, 2026· 145m 55s· 2 players
Game mode
Random Map
Map size
Tiny (2 player)
Population
200
Speed
Normal
Resources
Standard
Victory
Conquest
Starting age
Dark Age
Ending age
Imperial Age
RankedLock teamsTeams togetherTeam positionsShared explorationLock speedFull tech treeHidden civsTurbo modeCheats
Victory
Defeat
🇩🇰 Varangians · Denmark
1043
+15
🇨🇳 Malay · China
1030
-15
2609108162
10:11 Feudal Age
15:24 Castle Age
13:57 Loom
15:18 Double-Bit Axe
16:12 Horse Collar
18:18 Town Watch
22:23 Wheelbarrow
22:41 Heavy Plow
22:36 Gold Mining
23:36 Bow Saw
24:22 Hand Cart
29:58 Imperial Age
28:09 Gold Shaft Mining
27:36 Stone Mining
29:31 Stone Shaft Mining
30:43 Chemistry
29:33 Treadmill Crane
30:42 Crop Rotation
31:12 Masonry
31:10 Siege Engineers
30:28 Man-at-Arms
31:48 Squires
31:11 Long Swordsman
31:12 Pikeman
31:38 Arson
32:36 Two-Handed Swordsman
32:37 Halberdier
34:15 Fletching
34:36 Forging
34:33 Scale Barding Armor
34:31 Husbandry
34:35 Forced Levy
34:55 Conscription
34:54 Bodkin Arrow
36:58 Iron Casting
36:18 Elite Battle Elephant
37:02 Padded Archer Armor
39:29 Blast Furnace
39:35 Elite Karambit Warrior
40:32 Murder Holes
40:59 Ballistics
41:01 Bombard Tower
40:32 Guard Tower
40:09 Elite Skirmisher
41:42 Bracer
41:42 Padded Archer Armor
42:15 Light Cavalry
43:26 Guilds
44:14 Leather Archer Armor
44:39 Keep
53:47 Heavy Scorpion
55:12 Town Patrol
63:00 Capped Ram
66:52 Ring Archer Armor
86:36 Onager
OrakelDan
5:19 Loom
11:27 Feudal Age
15:02 Castle Age
13:27 Double-Bit Axe
13:24 Horse Collar
16:36 Bow Saw
18:55 Heavy Plow
22:43 Gold Mining
22:43 Stone Mining
23:14 Stone Mining
27:29 Stone Shaft Mining
31:45 Imperial Age
30:28 Wheelbarrow
30:38 Wheelbarrow
31:09 Treadmill Crane
31:56 Hand Cart
31:48 Town Watch
34:01 Two-Man Saw
33:37 Crop Rotation
35:04 Ballistics
35:44 Chemistry
34:57 Forging
34:47 Scale Mail Armor
37:19 Iron Casting
37:00 Chain Mail Armor
37:20 Iron Casting
36:37 Fletching
37:46 Siege Engineers
37:08 Elite Skirmisher
37:41 Gothikon
38:42 Conscription
38:44 Masonry
38:31 Murder Holes
39:24 Elite Jarl
40:13 Gambesons
41:30 Blast Furnace
41:03 Plate Mail Armor
40:36 Elite Varangian Guard
41:18 Squires
41:48 Scale Barding Armor
41:40 Bodkin Arrow
44:45 Chain Barding Armor
44:26 Padded Archer Armor
49:17 Plate Barding Armor
48:42 Bracer
48:57 Leather Archer Armor
56:12 Architecture
60:25 Ring Archer Armor
59:25 Onager
61:20 Guilds
78:10 Bloodlines
78:00 Husbandry
77:57 Light Cavalry
80:30 Hussar
96:17 Caravan
100:36 Town Patrol
Connection lost

Rejoining the realm…

Still unreachable

The connection could not be restored.

Session expired

The server has moved on; the page needs a fresh start.